 Dungeon Crawl Stone Soup version 0.28-a0-1429-gf3d713df7a (webtiles) character file.

Game seed: 11106203519812749451

288 karrick the Cudgeller (level 6, -6/38 HPs)
             Began as a Gargoyle Fighter on Jan 8, 2022.
             Killed by divine providence
             ... invoked by an orc priest
              (12 damage)
             ... on level 4 of the Dungeon.
             The game lasted 00:04:14 (2936 turns).

karrick the Cudgeller (Gargoyle Fighter)            Turns: 2936, Time: 00:04:15

Health: -6/38      AC: 11    Str: 25    XL:     6   Next: 31%
Magic:  6/6        EV:  9    Int:  9    God:
Gold:   206        SH:  4    Dex: 11    Spells: 5/5 levels left

rFire   . . .      SeeInvis .   t - +2 whip (venom)
rCold   . . .      Faith    .   c - +0 buckler
rNeg    + . .      Spirit   .   b - +0 scale mail
rPois   ∞          Reflect  .   (no helmet)
rElec   +          Harm     .   (no cloak)
rCorr   .          Rampage  .   (no gloves)
Will    .....                   (no boots)
Stlth   ..........              (no amulet)
HPRegen 0.12/turn               o - +6 ring of strength
MPRegen 0.10/turn               (no ring)

@: no status effects
A: sickness immunity, AC +4, negative energy resistance 1, electricity
resistance, torment resistance 1, petrification resistance
a: no special abilities


You were on level 4 of the Dungeon.
You visited 1 branch of the dungeon, and saw 4 of its levels.

You collected 206 gold pieces.

Inventory:

Hand Weapons
 a - a +0 flail
 n - a +1 dagger of venom
 t - a +2 whip of venom (weapon)
Missiles
 q - 3 javelins (quivered)
Armour
 b - a +0 scale mail (worn)
 c - a +0 buckler (worn)
 p - an orb of guile
Jewellery
 o - a +6 ring of strength (left hand)
 u - a ring of magical power
Scrolls
 e - 2 scrolls of magic mapping {unknown}
 f - 2 scrolls of fear {unknown}
 g - a scroll of vulnerability {unknown}
 j - a scroll of enchant armour {unknown}
 m - a scroll of teleportation {unknown}
 r - 3 scrolls of identify {unknown}
 s - a scroll of fog {unknown}
Potions
 d - a potion of might
 i - a potion of attraction {unknown}
 k - a potion of heal wounds {unknown}
 l - a potion of degeneration {unknown}


   Skills:
 + Level 4.1 Fighting
 + Level 4.5 Maces & Flails
 + Level 4.5 Armour
 + Level 0.8 Dodging
 + Level 4.1 Shields


You had 5 spell levels left.
You didn't know any spells.
Your spell library contained the following spells:

 Spells                   Type           Power      Damage    Failure   Level
 Apportation              Tloc           0%         N/A       77%         1
 Ensorcelled Hibernation  Hex/Ice        0%         N/A       88%         2
 Tukima's Dance           Hex            0%         N/A       98%         3
 Alistair's Intoxication  Tmut/Pois      0%         N/A       100%        5
 Enfeeble                 Hex            0%         N/A       100%        7


Dungeon Overview and Level Annotations

Branches:
Dungeon (4/15)
 Temple: D:4-7

Altars:


Innate Abilities, Weirdness & Mutations

You are immune to sickness and miasma.
Your stone body is resilient. (AC +4)
You are immune to poison.
You resist negative energy. (rN+)
You are resistant to electric shocks. (rElec)
You are resistant to unholy torment.
You are immune to petrification.


Message History

You barely miss the orc wizard.
The orc wizard is heavily wounded.
The orc wizard gestures at you while chanting.
The puff of flame hits you!
The orc priest invokes the aid of Beogh against you.
You barely resist.
Unknown command.
Unknown command.
It was a potion of curing.
You feel better. Something hits you. The orc wizard barely misses you.
The orc priest invokes the aid of Beogh against you.
Beogh smites you!
* * * LOW HITPOINT WARNING * * *
The orc priest hits you with a +0 hand axe.
* * * LOW HITPOINT WARNING * * *
Unknown command.
Okay, then.
The orc priest barely misses you.
The orc priest invokes the aid of Beogh against you.
Beogh smites you!
* * * LOW HITPOINT WARNING * * *
You feel better. Something hits you but does no damage.
The orc wizard hits you but does no damage.
You block the giant cockroach's attack.
The orc priest looks braver for a moment.
The orc priest hits you but does no damage.
The orc priest calls upon Beogh to heal the orc wizard.
The orc wizard is healed somewhat.
The giant cockroach bites you but does no damage.
The orc priest calls upon Beogh to heal the orc wizard.
The giant cockroach bites you but does no damage.
There is an open door here.
A magic dart appears from out of thin air!
The magic dart hits you.
* * * LOW HITPOINT WARNING * * *
The orc priest calls upon Beogh to heal the orc wizard.
Unknown command.
The orc priest invokes the aid of Beogh against you.
Beogh smites you!
You die...

#...........#.#'#...#+#.##
...##)........##...#####...##
.....'.........'......#......+
.....##.oo....##......#......#
.... #..o{...#.......#.......
... ####B####.......'.......
.. #.......#.......#....... .
#.....o.##......#......#
.'.......@.†......#......'
##........†##...#####...##
#...........#.#'#...#'#.#
###.......#####.......####
#'#...#'#.#...........#.
...#####...##.........##. ..
#......'.........'..
#......##.......##..
#.......#.......#...


You could see 3 orc priests, an orc wizard (poisoned) and a giant cockroach.

Vanquished Creatures
  A necrophage (D:4)
  A water moccasin skeleton (D:4)
  A centaur skeleton (D:4)
  5 adders
  A white imp (D:4)
  4 dart slugs
  An orc (D:3)
  11 ball pythons
  3 bats
  9 endoplasms
  2 giant cockroaches
  2 goblins
  13 hobgoblins
  2 quokkas
  4 frilled lizards
  3 kobolds
  5 rats
68 creatures vanquished.

Notes
Turn   | Place    | Note
-------+----------+-------------------------------------------
     0 | D:1      | karrick the Gargoyle Fighter began the quest for the Orb.
     0 | D:1      | Reached XP level 1. HP: 14/14 MP: 1/1
    39 | D:1      | Reached XP level 2. HP: 14/19 MP: 2/2
   531 | D:1      | Found a faded altar of an unknown god.
   865 | D:1      | Reached XP level 3. HP: 24/24 MP: 3/3
  1247 | D:2      | Reached XP level 4. HP: 27/29 MP: 4/4
  2323 | D:4      | Reached XP level 5. HP: 28/33 MP: 5/5
  2649 | D:4      | Noticed a necrophage
  2662 | D:4      | Killed a necrophage
  2663 | D:4      | Reached XP level 6. HP: 30/38 MP: 6/6
  2929 | D:4      | HP: 1/38 [orc priest/divine providence (8)]
  2936 | D:4      | Killed from afar by an orc priest

Illustrated notes

Levels and vault maps discovered:
D:1:      erik_arrival_cave_to_civilisation [erik_arrival_cave_to_hall],
          layout_rooms, basic_ecumenical_altar
D:2:      layout_loops_ring
D:3:      layout_rooms
D:4:      nicolae_cairo_tiling_very_big, layout_basic, ebering_ghost_sewer_f,
          minmay_misc_feat_hallway, uniq_duvessa

Skill      XL: |  1  2  3  4  5 |
---------------+----------------+-----
Maces & Flails | 3 4 |  4.5
Armour         | 4 |  4.5
Fighting       | 4 |  4.1
Shields        | 4 |  4.1
Dodging        | |  0.8

Action                   |  1- 3 |  4- 6 || total
-------------------------+-------+-------++-------
Melee: Flail             |   109 |    89 ||   198
       Whip              |       |    40 ||    40
  Use: Potion            |       |     2 ||     2
Armor: Scale mail        |    72 |    69 ||   141
Dodge: Dodged            |    58 |    49 ||   107
Block: Buckler           |    33 |    27 ||    60

Table legend: (Time is in decaauts)
 A = Elapsed time spent in this place.
 B = Non-inter-level travel time spent in this place.
 C = Inter-level travel time spent in this place.
 D = Time resting spent in this place.
 E = Time spent auto-exploring this place.
 F = Levels seen in this place.
 G = Mean time per level.
                   A        B        C        D        E       F      G
               +--------+--------+--------+--------+--------+-----+--------+
         Total |   2991 |   2932 |     59 |      0 |   2390 |   4 |  747.8 |
       Dungeon |   2991 |   2932 |     59 |      0 |   2390 |   4 |  747.8 |
               +--------+--------+--------+--------+--------+-----+--------+

Top non-repeatable levels by time:
     D:1: 949 daAuts
     D:2: 932 daAuts
     D:4: 717 daAuts
     D:3: 391 daAuts
